 Dungeon Crawl Stone Soup version 0.31-a0-799-g6bc09d010c (webtiles) character file.

Game seed: 14908938900783601109

158 Shayle the Trooper (level 5, -1/54 HPs)
             Began as an Ogre Hexslinger on Sept 19, 2023.
             Slain by Sigmund
             ... wielding a +6 scythe of protection
              (7 damage)
             ... on level 3 of the Dungeon.
             The game lasted 00:03:02 (1852 turns).

Shayle the Trooper (Ogre Hexslinger)                Turns: 1852, Time: 00:03:03

Health: -1/54      AC:  3    Str: 12    XL:     5   Next: 39%
Magic:  9/9        EV: 10    Int: 19    God:
Gold:   60         SH:  0    Dex: 11    Spells: 10/10 levels left

rFire   + . .        k - +5 dagger of Puyruin {pain, Int+3}
rCold   + . .        (no shield)
rNeg    . . .        c - +0 robe
rPois   +            (helmet restricted)
rElec   +            (no cloak)
rCorr   +            (gloves unavailable)
SInv    .            (boots unavailable)
Will    .....        (no amulet)
Stlth   +            (no ring)
HPRegen 0.29/turn    (no ring)
MPRegen 0.11/turn

%: no passive effects
@: resistant
A: large, unfitting armour, tough skin 1
a: no special abilities


You were on level 3 of the Dungeon.
You visited 1 branch of the dungeon, and saw 3 of its levels.

You collected 60 gold pieces.

Inventory:

Hand Weapons
 a - a +1 sling
 k - the +5 dagger of Puyruin (weapon) {pain, Int+3}
   (You found it on level 2 of the Dungeon)

   Int+3:     It affects your intelligence (+3).
Armour
 c - a +0 robe (worn)
Scrolls
 b - 4 scrolls of poison
 e - a scroll of teleportation {unknown}
 f - a scroll of noise {unknown}
 h - 2 scrolls of enchant weapon {unknown}
 j - a scroll of acquirement {unknown}


   Skills:
 + Level 4.0 Fighting
 - Level 1.3 Ranged Weapons
 - Level 1.7 Dodging
 + Level 3.2 Spellcasting
 - Level 2.6 Hexes
 + Level 0.9 Necromancy
 - Level 2.3 Fire Magic


You had 10 spell levels left.
You didn't know any spells.
Your spell library contained the following spells:

 Spells                   Type           Power      Damage    Failure   Level
 Jinxbite                 Hex            26%        N/A       8%          2
 Sigil of Binding         Hex            13%        N/A       14%         3
 Inner Flame              Hex/Fire       12%        N/A       16%         3
 Cigotuvi's Dreadful Rot  Necr/Pois/Air  8%         N/A       21%         2
 Cause Fear               Hex            6%         N/A       43%         4
 Dimensional Bullseye     Hex/Tloc       4%         N/A       65%         4
 Dispel Undead            Necr           6%         3d8       71%         4
 Death Channel            Necr           3%         N/A       100%        6


Dungeon Overview and Level Annotations

Branches:
Dungeon (3/15)

Altars:

Annotations:
D:3 Sigmund


Innate Abilities, Weirdness & Mutations

You are too large for most types of armour.
You have tough skin. (AC +1)


Message History

Sigmund's hands start flickering wildly.
Sigmund casts a spell at you. You resist with some effort.
You barely miss Sigmund. Sigmund barely misses you.
You closely miss Sigmund. You hit Sigmund.
Sigmund is lightly wounded.
Sigmund hits you with a +6 scythe of protection!
You barely miss Sigmund.
Sigmund is lightly wounded.
Sigmund hits you with a +6 scythe of protection!
You closely miss Sigmund.
Sigmund is lightly wounded.
You hit Sigmund but do no damage.
Sigmund writhes in agony.
Sigmund is lightly wounded.
Sigmund hits you with a +6 scythe of protection!
* * * LOW HITPOINT WARNING * * *
You hit Sigmund.
Sigmund is moderately wounded.
Sigmund misses you.
It was a potion of curing.
You feel better.
You hit Sigmund but do no damage.
Sigmund is moderately wounded.
Sigmund mumbles some strange words.
Sigmund flickers and vanishes!
Deactivating autopickup; reactivate with Ctrl-A.
You aren't carrying any items that you can evoke.
It was a potion of resistance.
You feel protected. Something hits you!
* * * LOW HITPOINT WARNING * * *
You aren't carrying any potions.
Unknown command.
Okay, then.
You hit something but do no damage. Something hits you!
* * * LOW HITPOINT WARNING * * *
You don't know any spells.
You hit something but do no damage. You closely miss something.
Something hits you!
You die...

#.......#
#...###.#
#...# #.#
##### #.# #.#
#.# #.#
#.#########
#...@{....#
#######.....#
....# ...#
... ##


There were no monsters in sight!

Vanquished Creatures
  Natasha (thrice) (D:2)
  3 gnolls (D:2)
  An adder zombie (D:2)
  A dart slug (D:2)
  4 ball pythons
  4 bats
  A bat skeleton (D:2)
  A bat zombie (D:2)
  3 endoplasms (D:2)
  A giant cockroach (D:1)
  6 goblins
  5 hobgoblins (D:1)
  2 jackals (D:1)
  4 kobolds
  A quokka (D:2)
  2 ball python skeletons (D:2)
  3 frilled lizards
  A jackal zombie (D:2)
  4 rats
50 creatures vanquished.

Notes
Turn   | Place    | Note
-------+----------+-------------------------------------------
     0 | D:1      | Shayle the Ogre Hexslinger began the quest for the Orb.
     0 | D:1      | Reached XP level 1. HP: 19/19 MP: 2/2
    77 | D:1      | Reached skill level 1 in Fire Magic
   231 | D:1      | Reached XP level 2. HP: 28/28 MP: 4/4
   289 | D:1      | Reached skill level 2 in Fighting
   294 | D:1      | Found a faded altar of an unknown god.
   693 | D:1      | Reached XP level 3. HP: 33/36 MP: 6/6
  1153 | D:2      | Noticed Natasha
  1174 | D:2      | Killed Natasha
  1175 | D:2      | Reached skill level 3 in Fighting
  1175 | D:2      | Reached XP level 4. HP: 32/45 MP: 7/7
  1274 | D:2      | Identified the +5 dagger of Puyruin {pain, Int+3}
  1547 | D:2      | Noticed Natasha
  1555 | D:2      | Killed Natasha
  1556 | D:2      | Reached XP level 5. HP: 51/54 MP: 9/9
  1634 | D:2      | Noticed Natasha
  1642 | D:2      | Killed Natasha
  1643 | D:2      | Reached skill level 4 in Fighting
  1834 | D:3      | Noticed Sigmund
  1852 | D:3      | Slain by Sigmund

Illustrated notes

Levels and vault maps discovered:
D:1:      minmay_arrival_open_corners, layout_basic, basic_ecumenical_altar
D:2:      layout_basic, dilly_guarded_unrand_morg
D:3:      layout_basic, uniq_natasha, uniq_sigmund, uniq_ijyb

Skill      XL: |  1  2  3  4  5 |
---------------+----------------+-----
Fire Magic     | 1 2 |  2.3
Fighting       | 2 3 4 |  4.0
Spellcasting   | 2 3 |  3.2
Ranged Weapons | |  1.3
Dodging        | |  1.7
Hexes          | |  2.6
Necromancy     | |  0.9

Action                     |  1- 3 |  4- 6 || total
---------------------------+-------+-------++-------
  Melee: Dagger            |       |    24 ||    24
   Fire: Sling             |   151 |    44 ||   195
    Use: Potion            |       |     3 ||     3
 Armour: Robe              |    56 |    38 ||    94
  Dodge: Dodged            |    54 |    24 ||    78

Table legend: (Time is in decaauts)
 A = Elapsed time spent in this place.
 B = Non-inter-level travel time spent in this place.
 C = Inter-level travel time spent in this place.
 D = Time resting spent in this place.
 E = Time spent auto-exploring this place.
 F = Levels seen in this place.
 G = Mean time per level.
                   A        B        C        D        E       F      G
               +--------+--------+--------+--------+--------+-----+--------+
         Total |   1916 |   1843 |     73 |    143 |   1271 |   3 |  638.7 |
       Dungeon |   1916 |   1843 |     73 |    143 |   1271 |   3 |  638.7 |
               +--------+--------+--------+--------+--------+-----+--------+

Top non-repeatable levels by time:
     D:1: 939 daAuts
     D:2: 934 daAuts
     D:3: 42 daAuts
